Map: Orbital Shipyard

Players

Nada - Winner!

  • Race: Terran Terran
  • League: Diamond

ILLBdA

  • Race: Protoss Protoss
  • League: Diamond

VOD

Have the link to the VOD?

Description

Time

  • Played on: Dec. 16, 2015, 1:15 a.m.
  • Length: 10:12
Show
View Real Time Build Order
Export as new Build Order

Nada Terran - Winner!

Build Orders: MMM Bio 

Get SALT Encoding   

  12  0:00  SCV  
  13  0:12  SCV  
  14  0:18  Supply Depot  
  14  0:24  SCV  
  15  0:39  SCV  
  15  0:42  Barracks  
  16  0:48  Refinery  
  16  0:51  SCV  
  17  1:04  SCV  
  18  1:16  SCV  
  19  1:29  Orbital Command  
  20  1:32  Reaper  
  20  1:43  Command Center  
  20  1:49  Refinery  
  20  1:55  SCV  
  21  2:05  Barracks Reactor  
  21  2:08  SCV  
  21  2:12  Supply Depot  
  22  2:20  SCV  
  23  2:23  Factory  
  23  2:29  Bunker  
  23  2:35  SCV  
  24  2:41  Marine x2  
  26  2:47  SCV  
  27  2:57  Orbital Command  
  27  2:59  Marine x2  
  29  3:08  Engineering Bay  
  29  3:11  Factory Tech Lab  
  29  3:14  SCV  
  29  3:19  Marine x2  
  31  3:23  SCV  
  31  3:26  SCV  
  34  3:33  Cyclone  
  37  3:38  SCV x2  
  39  3:46  Missile Turret  
  39  3:50  SCV x2  
  41  3:57  Marine  
  41  3:58  Marine  
  41  3:59  Supply Depot  
  44  4:02  SCV x2  
  44  4:06  Missile Turret  
  45  4:14  SCV  
  46  4:20  SCV, Cyclone  
  50  4:27  Command Center  
  50  4:33  Marine x2  
  52  4:39  Supply Depot, Barracks  
  52  4:45  Barracks  
  52  4:48  SCV x2  
  54  5:00  Stimpack, Widow Mine x2  
  54  5:01  Marine  
  54  5:03  Terran Infantry Weapons Level 1, Supply Depot  
  54  5:05  SCV x2  
  61  5:17  SCV  
  62  5:25  SCV  
  62  5:28  Marine  
  63  5:29  Widow Mine x2, Marine  
  63  5:30  Bunker  
  69  5:44  Orbital Command  
  69  5:45  Missile Turret  
  69  5:46  Barracks Tech Lab  
  69  5:47  Barracks Reactor  
  69  5:56  SCV x2  
  71  5:58  Refinery x2, Marine  
  71  6:00  Starport, Barracks  
  72  6:05  Supply Depot x2, Barracks  
  72  6:08  SCV  
  73  6:14  Widow Mine x2  
  73  6:15  Marine, Marauder  
  73  6:16  Combat Shields  
  79  6:20  SCV x2  
  79  6:23  SCV  
  82  6:28  Missile Turret  
  82  6:33  Marine  
  82  6:35  Missile Turret  
  82  6:36  Missile Turret  
  83  6:40  Missile Turret  
  83  6:47  Marine  
  83  6:48  Marine  
  83  6:51  Barracks Reactor  
  83  6:53  Barracks Reactor  
  83  6:54  SCV x3  
  88  7:00  Orbital Command  
  87  7:06  Marauder x2, Marine x2  
  93  7:08  Medivac  
  93  7:09  Medivac  
  93  7:13  SCV x2  
  99  7:16  Factory Reactor  
  99  7:17  Supply Depot  
  99  7:25  SCV x2  
  101  7:37  SCV, Supply Depot  
  101  7:39  Supply Depot, Armory  
  101  7:40  Missile Turret  
  101  7:41  Engineering Bay  
  102  7:47  Medivac x2  
  106  7:52  Marine x4  
  106  7:53  Marine  
  106  7:56  SCV x2  
  106  7:57  SCV, Marine  
  115  8:02  Marauder  
  115  8:03  Marauder  
  119  8:07  Supply Depot  
  119  8:10  Marine x3  
  122  8:14  SCV x2  
  122  8:15  SCV  
  122  8:19  Medivac x2  
  129  8:25  Supply Depot  
  129  8:26  Supply Depot, SCV  
  129  8:27  SCV  
  131  8:35  Bunker  
  123  8:43  Marine  
  123  8:44  Marine x3, Marauder  
  113  8:48  Medivac  
  113  8:51  Marine  
  113  8:53  Medivac  
  115  8:56  Marine x2  
  115  9:01  Marine  
  115  9:02  Marine x3  
  119  9:03  Concussive Shells  
  119  9:04  Marine  
  117  9:10  Marine  
  117  9:13  Marine x2  
  100  9:19  Marine  
  100  9:20  Marine x3  
  100  9:22  Marine  
  96  9:28  Marine  
  86  9:31  Marine x2  
  86  9:37  Marine  
  86  9:38  Marine x3  
  82  9:40  Marine  
  82  9:46  Marine  
  82  9:49  SCV x3, Marine  
  82  10:05  Starport Reactor  
  91  10:10  Barracks  
  91  10:11  Barracks  
Show
View Real Time Build Order
Export as new Build Order

ILLBdA Protoss 

Build Orders: 1 Gate Expand 

Get SALT Encoding   

  12  0:01  Probe (Chrono Boost)  
  13  0:12  Probe (Chrono Boost)  
  14  0:18  Pylon  
  14  0:22  Probe (Chrono Boost)  
  15  0:37  Probe (Chrono Boost), Gateway  
  16  0:42  Assimilator  
  16  0:47  Probe (Chrono Boost)  
  17  0:58  Probe (Chrono Boost)  
  18  1:08  Probe (Chrono Boost)  
  19  1:18  Nexus  
  19  1:22  Probe (Chrono Boost)  
  20  1:32  Cybernetics Core  
  20  1:36  Probe (Chrono Boost)  
  22  1:47  Probe (Chrono Boost)  
  22  1:49  Pylon  
  22  1:54  Assimilator  
  22  1:57  Probe (Chrono Boost)  
  23  2:09  Mothership Core (Chrono Boost)  
  23  2:12  Adept (Chrono Boost)  
  27  2:27  Warp Gate  
  27  2:29  Probe  
  28  2:34  Probe  
  29  2:40  Stalker (Chrono Boost)  
  32  2:44  Probe  
  32  2:50  Pylon  
  32  2:51  Probe  
  32  2:56  Probe (Chrono Boost)  
  34  3:03  Probe (Chrono Boost), Robotics Facility  
  35  3:08  Probe (Chrono Boost)  
  36  3:14  Probe (Chrono Boost)  
  36  3:19  Probe (Chrono Boost)  
  38  3:25  Probe (Chrono Boost)  
  39  3:29  Probe (Chrono Boost)  
  40  3:35  Probe (Chrono Boost)  
  40  3:39  Gateway  
  40  3:40  Gateway  
  41  3:44  Gateway  
  41  3:46  Gateway  
  41  3:48  Gateway x2  
  41  3:52  Assimilator  
  41  3:56  Gateway  
  41  3:57  Warp Prism (Chrono Boost)  
  43  4:03  Probe  
  43  4:04  Probe, Pylon  
  45  4:13  Probe  
  45  4:15  Pylon  
  46  4:28  Pylon  
  46  4:29  Observer (Chrono Boost)  
  47  4:32  Adept  
  49  4:47  Gateway  
  49  4:50  Gateway  
  49  4:51  Pylon  
  49  4:52  Immortal (Chrono Boost)  
  53  4:56  Adept x3  
  53  4:58  Probe  
  60  5:03  Probe, Assimilator  
  61  5:26  Immortal (Chrono Boost)  
  61  5:27  Assimilator  
  63  5:45  Sentry x3  
  63  5:46  Adept x2  
  63  5:48  Pylon  
  73  5:51  Pylon  
  73  6:00  Immortal (Chrono Boost)  
  73  6:02  Sentry  
  73  6:03  Sentry, Adept  
  83  6:09  Nexus  
  83  6:10  Pylon  
  83  6:14  Probe, Forge  
  83  6:17  Pylon  
  84  6:29  Sentry x2, Adept  
  84  6:30  Adept  
  92  6:34  Probe, Observer (Chrono Boost)  
  94  6:51  Immortal (Chrono Boost)  
  98  6:55  Twilight Council  
  98  6:57  Pylon  
  98  7:04  Zealot x3  
  104  7:14  Sentry  
  106  7:19  Probe  
  106  7:21  Probe, Photon Cannon  
  108  7:24  Probe, Photon Cannon  
  108  7:26  Immortal  
  113  7:30  Probe  
  113  7:36  Photon Cannon  
  114  7:37  Sentry  
  114  7:38  Sentry  
  114  7:40  Resonating Glaives (Chrono Boost)  
  118  7:44  Pylon  
  118  7:45  Sentry  
  120  7:51  Adept  
  122  7:59  Probe  
  122  8:01  Probe x2  
  125  8:10  Probe  
  126  8:13  Probe x2  
  126  8:16  Pylon  
  126  8:18  Pylon  
  126  8:19  Adept x2, Pylon  
  132  8:20  Probe  
  132  8:25  Probe x2  
  135  8:33  Sentry x2  
  135  8:35  Observer  
  110  8:52  Probe  
  110  8:53  Adept x3  
  110  8:54  Adept x2  
  120  8:56  Observer  
  120  9:00  Stalker x2  
  120  9:02  Adept  
  96  9:18  Stalker, Observer  
  96  9:19  Stalker, Zealot x2  
  96  9:23  Assimilator  
  96  9:24  Assimilator  
  87  9:40  Adept x4  
  83  9:47  Forge  
  83  9:56  Stalker x2  
  78  10:08  Sentry  
  78  10:11  Nexus  
Tags
 
Composition
MMM Bio
Matchup
PvT
Replay Pack
me
Add a new tag
Caveats
  • Supply blocks, unpowered buildings, or Contaminate may cause inaccurate times.
  • Supply counts are checked every 10 seconds.